AoeStats
← ^8Fischy^3123

Golden Pit

509619327Analyzed
1v1 RM · 3d ago on Sep 27, 2026· 56m 42s· 2 players
Game mode
Random Map
Map size
Tiny (2 player)
Population
200
Speed
Normal
Resources
Standard
Victory
Conquest
Starting age
Dark Age
Ending age
Imperial Age
RankedLock teamsTeams togetherTeam positionsShared explorationLock speedFull tech treeHidden civsTurbo modeCheats
Victory
Defeat
🇲🇽 Romans · Mexico
742
+15
🇩🇪 Danes · Germany
717
-15
^8Fischy^3123
11:31 Feudal Age
12:26 Double-Bit Axe
12:28 Man-at-Arms
22:01 Horse Collar
25:22 Castle Age
23:21 Gold Mining
26:07 Stone Mining
31:53 Bow Saw
35:56 Scale Mail Armor
jhonnathansv
7:01 Loom
9:53 Feudal Age
10:28 Double-Bit Axe
19:32 Fletching
19:45 Gold Mining
23:44 Castle Age
23:30 Stone Mining
29:26 Coinage
31:42 Fortified Wall
32:12 Horse Collar
33:47 Masonry
35:07 Gold Shaft Mining
38:53 Imperial Age
37:29 Wheelbarrow
36:39 Town Watch
37:40 Murder Holes
38:17 Bow Saw
39:38 Bodkin Arrow
46:55 Forging
46:53 Scale Barding Armor
47:36 Ballistas
52:35 Heavy Plow
Connection lost

Rejoining the realm…

Still unreachable

The connection could not be restored.

Session expired

The server has moved on; the page needs a fresh start.